| TOP OF THE 1ST |
|
Louisville Stallions batting - Pitching for Richmond Braves : RHP Jay Smith
|
|
Pitching: RHP Jay Smith
|
|
|
Batting: SHB Harry Chappas
|
0-0: Called Strike 0-1: Ball 1-1: Foul Ball, location: 2F 1-2: Ball 2-2: SINGLE (Line Drive, 34D, EV 103.1 MPH)
|
|
Batting: LHB Ted May
|
0-0: Ball 1-0: Foul Ball, location: 2F 1-1: Ball Harry Chappas steals 2nd base 2-1: Ground out 4-3 (Groundball, 4, EV 88.8 MPH) Harry Chappas to third
|
|
Batting: LHB Mauricio Gracia
|
0-0: Ball 1-0: Fly out, F8 (Flyball, 78S, EV 94.4 MPH)
|
|
Batting: SHB Gerald DeSimone
|
0-0: Swinging Strike 0-1: Foul Ball, location: 2F 0-2: Ground out 1-3 (Groundball, P, EV 66.3 MPH)
|
| Top of the 1st over - 0 runs, 1 hit, 0 errors, 1 left on base; Louisville 0 - Richmond 0 |
| BOTTOM OF THE 1ST |
|
Richmond Braves batting - Pitching for Louisville Stallions : LHP Mark Thurmond
|
|
Pitching: LHP Mark Thurmond
|
|
|
Batting: RHB Dave Stegman
|
0-0: Ball 1-0: Called Strike 1-1: Ball 2-1: Foul Ball, location: 2F 2-2: Foul Ball, location: 2F 2-2: Ball 3-2: Foul Ball, location: 2F 3-2: Base on Balls
|
|
Batting: RHB John Freitas
|
0-0: Ball 1-0: Foul Ball, location: 2F 1-1: Foul Ball, location: 2F 1-2: Strikes out swinging
|
|
Batting: SHB Howard Johnson
|
0-0: Called Strike 0-1: Ball 1-1: Called Strike 1-2: Fly out, F3 (Popup, 3SF, EV 79.4 MPH)
|
|
Batting: RHB Mike Fuentes
|
0-0: Foul Ball, location: 2F 0-1: Ball Dave Stegman steals 2nd base 1-1: Ball 2-1: Foul Ball, location: 2F 2-2: Ball 3-2: Strikes out swinging
|
| Bottom of the 1st over - 0 runs, 0 hits, 0 errors, 1 left on base; Louisville 0 - Richmond 0 |
| TOP OF THE 2ND |
|
Louisville Stallions batting - Pitching for Richmond Braves : RHP Jay Smith
|
|
Batting: LHB Steven Mobberley
|
0-0: Called Strike 0-1: Ball 1-1: Foul Ball, location: 2F 1-2: Ball 2-2: Ground out 6-3 (Groundball, 6, EV 87.5 MPH)
|
|
Batting: RHB Kelly Heath
|
0-0: Ball 1-0: Ball 2-0: Called Strike 2-1: Fly out, F8 (Line Drive, 8LM, EV 95.6 MPH)
|
|
Batting: LHB Joe Lefebvre
|
0-0: Ball 1-0: Ball 2-0: SINGLE (Groundball, 4MD, EV 103.1 MPH)
|
|
Batting: LHB John Tucker
|
0-0: Called Strike 0-1: Called Strike 0-2: Fielders Choice at 2nd, 6-4 (Groundball, 6, EV 93.8 MPH)
|
| Top of the 2nd over - 0 runs, 1 hit, 0 errors, 1 left on base; Louisville 0 - Richmond 0 |
| BOTTOM OF THE 2ND |
|
Richmond Braves batting - Pitching for Louisville Stallions : LHP Mark Thurmond
|
|
Batting: LHB Chris Evans
|
0-0: Called Strike 0-1: Ball 1-1: Ball 2-1: Swinging Strike 2-2: Foul Ball, location: 2F 2-2: Ball 3-2: Base on Balls
|
|
Batting: RHB Craig Kusick
|
0-0: Called Strike 0-1: Foul Ball, location: 2F 0-2: Ball 1-2: Foul Ball, location: 2F 1-2: Ball 2-2: Ball 3-2: Foul Ball, location: 2F 3-2: Grounds into double play, 6-4-3 (Groundball, 6, EV 93.1 MPH)
|
|
Batting: LHB Matt Winters
|
0-0: Foul Ball, location: 2F 0-1: Ground out 1-3 (Groundball, P, EV 68.1 MPH)
|
| Bottom of the 2nd over - 0 runs, 0 hits, 0 errors, 0 left on base; Louisville 0 - Richmond 0 |
| TOP OF THE 3RD |
|
Louisville Stallions batting - Pitching for Richmond Braves : RHP Jay Smith
|
|
Batting: RHB Gordy Hodgson
|
0-0: Ball 1-0: Ball 2-0: SINGLE (Groundball, 34D, EV 97.5 MPH)
|
|
Batting: SHB Harry Chappas
|
0-0: Foul Ball, location: 2F 0-1: Fielders Choice at 2nd, 4-6 (Groundball, 4, EV 91.3 MPH)
|
|
Batting: LHB Ted May
|
0-0: Ball 1-0: Ball 2-0: Ball 3-0: Called Strike 3-1: DOUBLE (Flyball, 89D, EV 89.4 MPH) Harry Chappas to third Runner from 3rd tries for Home, SAFE, no throw by RF
|
|
Batting: LHB Mauricio Gracia
|
0-0: Ground out 6-3 (Groundball, 6, EV 105.0 MPH)
|
|
Batting: SHB Gerald DeSimone
|
0-0: Called Strike 0-1: Ground out U3 (Groundball, 3S, EV 83.1 MPH)
|
| Top of the 3rd over - 1 run, 2 hits, 0 errors, 1 left on base; Louisville 1 - Richmond 0 |
| BOTTOM OF THE 3RD |
|
Richmond Braves batting - Pitching for Louisville Stallions : LHP Mark Thurmond
|
|
Batting: SHB Julio Cruz
|
0-0: Swinging Strike 0-1: Foul Ball, location: 2F 0-2: Ball 1-2: Ground out 5-3 (Groundball, 25, EV 66.3 MPH)
|
|
Batting: SHB Donnie Scott
|
0-0: Called Strike 0-1: Ball 1-1: Fly out, F9 (Flyball, 89S, EV 83.1 MPH)
|
|
Batting: RHB Dave Stegman
|
0-0: Called Strike 0-1: Ball 1-1: Foul Ball, location: 2F 1-2: Ball 2-2: Ball 3-2: Strikes out swinging
|
| Bottom of the 3rd over - 0 runs, 0 hits, 0 errors, 0 left on base; Louisville 1 - Richmond 0 |
| TOP OF THE 4TH |
|
Louisville Stallions batting - Pitching for Richmond Braves : RHP Jay Smith
|
|
Batting: LHB Steven Mobberley
|
0-0: Ball 1-0: Ground out 4-3 (Groundball, 4, EV 85.0 MPH)
|
|
Batting: RHB Kelly Heath
|
0-0: Ball 1-0: Ball 2-0: Called Strike 2-1: Ball 3-1: SINGLE (Line Drive, 78S, EV 91.9 MPH)
|
|
Batting: LHB Joe Lefebvre
|
0-0: Ball 1-0: Fly out, F7 (Flyball, 7LS, EV 97.5 MPH)
|
|
Batting: LHB John Tucker
|
0-0: Called Strike Kelly Heath steals 2nd base 0-1: Fly out, F5 (Line Drive, 5, EV 63.8 MPH)
|
| Top of the 4th over - 0 runs, 1 hit, 0 errors, 1 left on base; Louisville 1 - Richmond 0 |
| BOTTOM OF THE 4TH |
|
Richmond Braves batting - Pitching for Louisville Stallions : LHP Mark Thurmond
|
|
Batting: RHB John Freitas
|
0-0: Ball 1-0: Ball 2-0: Called Strike 2-1: Foul Ball, location: 2F 2-2: Foul Ball, location: 2F 2-2: SINGLE (Groundball, 6MD, EV 103.8 MPH)
|
|
Batting: SHB Howard Johnson
|
0-0: Foul Ball, location: 2F 0-1: Fly out, F9 (Line Drive, 9, EV 93.8 MPH)
|
|
Batting: RHB Mike Fuentes
|
0-0: Ball 1-0: Called Strike 1-1: Ball 2-1: Fly out, F6 (Line Drive, 6, EV 75.0 MPH)
|
|
Batting: LHB Chris Evans
|
0-0: Ball 1-0: Called Strike 1-1: SINGLE (Line Drive, 3D, EV 101.9 MPH) John Freitas to second Runner from 2nd tries for 3rd, OUT! 9-5
|
| Bottom of the 4th over - 0 runs, 2 hits, 0 errors, 1 left on base; Louisville 1 - Richmond 0 |
| TOP OF THE 5TH |
|
Louisville Stallions batting - Pitching for Richmond Braves : RHP Jay Smith
|
|
Batting: RHB Gordy Hodgson
|
0-0: Called Strike 0-1: Ball 1-1: Ball 2-1: Called Strike 2-2: Ground out U3 (Groundball, 3, EV 87.5 MPH)
|
|
Batting: SHB Harry Chappas
|
0-0: Ball 1-0: Ground out U3 (Groundball, 3, EV 101.9 MPH)
|
|
Batting: LHB Ted May
|
0-0: Ball 1-0: Ground out 4-3 (Groundball, 4, EV 100.6 MPH)
|
| Top of the 5th over - 0 runs, 0 hits, 0 errors, 0 left on base; Louisville 1 - Richmond 0 |
| BOTTOM OF THE 5TH |
|
Richmond Braves batting - Pitching for Louisville Stallions : LHP Mark Thurmond
|
|
Batting: RHB Craig Kusick
|
0-0: Ball 1-0: Called Strike 1-1: Foul Ball, location: 2F 1-2: Ball 2-2: Fly out, F8 (Line Drive, 8LM, EV 96.9 MPH)
|
|
Batting: LHB Matt Winters
|
0-0: Ball 1-0: Ball 2-0: Called Strike 2-1: Ground out 5-3 (Groundball, 56S, EV 81.9 MPH)
|
|
Batting: SHB Julio Cruz
|
0-0: Ball 1-0: Fly out, F8 (Line Drive, 8RD, EV 92.5 MPH)
|
| Bottom of the 5th over - 0 runs, 0 hits, 0 errors, 0 left on base; Louisville 1 - Richmond 0 |
| TOP OF THE 6TH |
|
Louisville Stallions batting - Pitching for Richmond Braves : RHP Jay Smith
|
|
Batting: LHB Mauricio Gracia
|
0-0: Called Strike 0-1: Ball 1-1: Fly out, F7 (Flyball, 7, EV 98.1 MPH)
|
|
Batting: SHB Gerald DeSimone
|
0-0: Called Strike 0-1: Called Strike 0-2: Ground out 5-3 (Groundball, 56S, EV 65.0 MPH)
|
|
Batting: LHB Steven Mobberley
|
0-0: Ball 1-0: Fly out, F8 (Line Drive, 8LM, EV 95.0 MPH)
|
| Top of the 6th over - 0 runs, 0 hits, 0 errors, 0 left on base; Louisville 1 - Richmond 0 |
| BOTTOM OF THE 6TH |
|
Richmond Braves batting - Pitching for Louisville Stallions : LHP Mark Thurmond
|
|
Batting: SHB Donnie Scott
|
0-0: Foul Ball, location: 2F 0-1: Called Strike 0-2: Ball 1-2: Strikes out swinging
|
|
Batting: RHB Dave Stegman
|
0-0: Fly out, F8 (Flyball, 89D, EV 95.0 MPH)
|
|
Batting: RHB John Freitas
|
0-0: Ball 1-0: Fly out, F8 (Flyball, 8RS, EV 94.4 MPH)
|
| Bottom of the 6th over - 0 runs, 0 hits, 0 errors, 0 left on base; Louisville 1 - Richmond 0 |
| TOP OF THE 7TH |
|
Louisville Stallions batting - Pitching for Richmond Braves : RHP Jay Smith
|
|
Batting: RHB Kelly Heath
|
0-0: Swinging Strike 0-1: Swinging Strike 0-2: Ball 1-2: Ball 2-2: Ball 3-2: Base on Balls
|
|
Batting: LHB Joe Lefebvre
|
0-0: Foul Ball, location: 2F 0-1: Swinging Strike 0-2: Ball 1-2: Fly out, F7 (Flyball, 7LS, EV 89.4 MPH)
|
|
Batting: LHB John Tucker
|
0-0: Called Strike 0-1: Called Strike 0-2: SINGLE (Groundball, 3, EV 98.8 MPH) Kelly Heath to second Runner from 2nd tries for 3rd, SAFE, no throw by RF
|
|
Batting: RHB Gordy Hodgson
|
0-0: Swinging Strike 0-1: Ball 1-1: 3-RUN HOME RUN (Line Drive, 78XD, EV 104.4 MPH), Distance : 422 ft
|
|
Batting: SHB Harry Chappas
|
0-0: Fly out, F7 (Flyball, 78D, EV 91.9 MPH)
|
|
Batting: LHB Ted May
|
0-0: Called Strike 0-1: Ball 1-1: Swinging Strike 1-2: Ground out 4-3 (Groundball, 34D, EV 106.9 MPH)
|
| Top of the 7th over - 3 runs, 2 hits, 0 errors, 0 left on base; Louisville 4 - Richmond 0 |
| BOTTOM OF THE 7TH |
|
Richmond Braves batting - Pitching for Louisville Stallions : LHP Mark Thurmond
|
|
Batting: SHB Howard Johnson
|
0-0: Ball 1-0: Ball 2-0: Ball 3-0: Foul Ball, location: 2F 3-1: Called Strike 3-2: Foul Ball, location: 2F 3-2: Base on Balls
|
|
Batting: RHB Mike Fuentes
|
0-0: Called Strike 0-1: Foul Ball, location: 2F 0-2: Ball 1-2: Ball 2-2: Foul Ball, location: 2F 2-2: DOUBLE (Flyball, 89XD, EV 100.6 MPH) Howard Johnson to third
|
|
Batting: LHB Chris Evans
|
0-0: Called Strike 0-1: Foul Ball, location: 2F 0-2: Ball 1-2: SINGLE (Groundball, 34D, EV 106.9 MPH) Howard Johnson scores Mike Fuentes to third
|
|
Batting: RHB Craig Kusick
|
0-0: Ball 1-0: Swinging Strike 1-1: Ball 2-1: Ball 3-1: Fly out, F7 (Flyball, 7, EV 80.0 MPH) Runner from 3rd tags up, SCORES, throw by LF
|
|
Batting: LHB Matt Winters
|
0-0: Ball 1-0: Ball 2-0: Foul Ball, location: 2F 2-1: Fly out, F9 (Line Drive, 9, EV 103.1 MPH)
|
|
Batting: SHB Julio Cruz
|
0-0: Ball 1-0: Foul Ball, location: 2F 1-1: Foul Ball, location: 2F 1-2: Fly out, F4 (Flyball, 34D, EV 91.3 MPH)
|
| Bottom of the 7th over - 2 runs, 2 hits, 0 errors, 1 left on base; Louisville 4 - Richmond 2 |
| TOP OF THE 8TH |
|
Louisville Stallions batting - Pitching for Richmond Braves : RHP Jay Smith
|
|
Batting: LHB Mauricio Gracia
|
0-0: Ball 1-0: Ball 2-0: Foul Ball, location: 2F 2-1: SINGLE (Line Drive, 7S, EV 105.6 MPH)
|
|
Batting: SHB Gerald DeSimone
|
0-0: Ball 1-0: Ball Mauricio Gracia steals 2nd base 2-0: Foul Ball, location: 2F 2-1: Swinging Strike 2-2: Ground out 5-3 (Groundball, 5L, EV 80.0 MPH)
|
|
Batting: LHB Steven Mobberley
|
0-0: Intentional Walk
|
|
Batting: RHB Kelly Heath
|
0-0: Ball Mauricio Gracia steals 3rd base 1-0: Ball 2-0: Called Strike 2-1: Ball 3-1: Base on Balls Steven Mobberley to second
|
|
Batting: LHB Joe Lefebvre
|
0-0: DOUBLE (Line Drive, 9LS, EV 90.6 MPH) Mauricio Gracia scores Steven Mobberley scores Kelly Heath to third Runner from 3rd tries for Home, SAFE, throw by RF to trailing runner, SAFE at third!
|
|
Pitching: RHP Keefe Cato
|
|
|
Batting: LHB John Tucker
|
0-0: Foul Ball, location: 2F 0-1: Fly out, F9 (Flyball, 89D, EV 88.8 MPH) Runner from 3rd tags up, SCORES, throw by RF
|
|
Batting: RHB Gordy Hodgson
|
0-0: Ground out 4-3 (Groundball, 4, EV 111.3 MPH)
|
| Top of the 8th over - 4 runs, 2 hits, 0 errors, 0 left on base; Louisville 8 - Richmond 2 |
| BOTTOM OF THE 8TH |
|
Richmond Braves batting - Pitching for Louisville Stallions : LHP Mark Thurmond
|
|
Batting: SHB Donnie Scott
|
0-0: Fly out, F7 (Flyball, 78M, EV 87.5 MPH)
|
|
Batting: RHB Dave Stegman
|
0-0: Ball 1-0: Ground out U3 (Groundball, 13, EV 86.3 MPH)
|
|
Batting: RHB John Freitas
|
0-0: Fly out, F6 (Flyball, 6D, EV 69.4 MPH)
|
| Bottom of the 8th over - 0 runs, 0 hits, 0 errors, 0 left on base; Louisville 8 - Richmond 2 |
| TOP OF THE 9TH |
|
Louisville Stallions batting - Pitching for Richmond Braves : RHP Keefe Cato
|
|
Batting: SHB Harry Chappas
|
0-0: Ball 1-0: Swinging Strike 1-1: Ball 2-1: Swinging Strike 2-2: Strikes out swinging
|
|
Batting: LHB Ted May
|
0-0: Ball 1-0: Called Strike 1-1: Ball 2-1: Ball 3-1: Swinging Strike 3-2: Base on Balls
|
|
Batting: LHB Mauricio Gracia
|
0-0: Called Strike 0-1: Ball 1-1: Ground out 4-3 (Groundball, 4S, EV 69.4 MPH) Ted May to second
|
|
Batting: SHB Gerald DeSimone
|
0-0: Called Strike 0-1: Ball 1-1: Ball 2-1: DOUBLE (Line Drive, 9LM, EV 96.9 MPH) Ted May scores
|
|
Pinch Hitting: SHB Larry Doby
|
0-0: Fly out, F9 (Flyball, 9LS, EV 89.4 MPH)
|
| Top of the 9th over - 1 run, 1 hit, 0 errors, 1 left on base; Louisville 9 - Richmond 2 |
| BOTTOM OF THE 9TH |
|
Richmond Braves batting - Pitching for Louisville Stallions : LHP Mark Thurmond
|
|
Now at 1B: Marcus Clark
|
|
|
Pinch Hitting: RHB Scott Carnes
|
0-0: Ball 1-0: Foul Ball, location: 2F 1-1: Ground out 5-3 (Groundball, 56, EV 100.0 MPH)
|
|
Batting: RHB Mike Fuentes
|
0-0: Called Strike 0-1: Ball 1-1: Called Strike 1-2: Ball 2-2: Foul Ball, location: 2F 2-2: Strikes out swinging
|
|
Pinch Hitting: LHB Max Venable
|
0-0: Ball 1-0: Ground out 5-3 (Groundball, 56, EV 103.8 MPH)
|
| Bottom of the 9th over - 0 runs, 0 hits, 0 errors, 0 left on base; Louisville 9 - Richmond 2 |
|